[Event "Late-Titled-Tuesday-Blitz-January-30-2024"]
[Site "Chess.com"]
[Date "2024.01.30"]
[Round "1"]
[White "subham777"]
[Black "vladislavkovalev"]
[Result "0-1"]
[WhiteElo "2492"]
[BlackElo "2865"]
[TimeControl "180+1"]
[EndTime "14:07:27 PST"]
[Termination "vladislavkovalev won by resignation"]

1. e4 e5 2. Nf3 Nc6 3. Bc4 Nf6 4. d3 Bc5 5. c3 a6 6. Nbd2 h6 7.
Nf1 d6 8. Ng3 O-O 9. O-O Be6 10.
Bb3 Bxb3 11. Qxb3 Qd7 12. Be3 b5 13. Rad1 Rfe8 14. Rfe1 Rad8 15. a3 Bxe3 16. fxe3 d5 17. exd5 Nxd5 18. Ne4 Qe7 19. d4 Na5 20. Qc2 Nc4 21.
Nxe5 Ndxe3 22. Qd3 Nxd1 23. Nxc4 bxc4 24. Qxd1 f5 25.
Qe2 Qxe4 26. Qxc4+ Kh8 27. Rxe4 fxe4 28. Kf1 Rf8+ 29. Ke2 Rde8 30. Qxc7 e3 31. Qc6 Rf2+ 32. Ke1 Rff8 33. Qxa6 e2 34. Qxe2 Rxe2+ 35. Kxe2 Kg8 36. b4 Kf7 37. c4 Ra8 38. Kd3 Rxa3+ 39. Ke4 Rb3 40. b5 Ke6 41. d5+ Kd6 42. Kd4 Rb4 43.
g4 Ra4 44. h4 g6 45. g5 h5 46. Kd3 Kc5 47. Ke4 Rxc4+ 48. Ke5 Rxh4 49. Kf6 Rg4 50. Kxg6 h4 51. Kf5 Rg1 52. d6 Kxd6 0-1

[Event "Late-Titled-Tuesday-Blitz-January-30-2024"]
[Site "Chess.com"]
[Date "2024.01.30"]
[Round "1"]
[White "Alexei_Gubajdullin"]
[Black "BestestBP"]
[Result "1-0"]
[WhiteElo "2616"]
[BlackElo "2266"]
[TimeControl "180+1"]
[EndTime "14:07:30 PST"]
[Termination "Alexei_Gubajdullin won on time"]

1. Nf3 Nf6 2. g3 b6 3. Bg2 Bb7 4. O-O e6 5. c4 Be7 6. b3 O-O 7. Bb2 d5 8. e3 c5 9. Nc3 Nc6 10. Qe2 d4 11. exd4 Nxd4 12. Nxd4 Bxg2 13. Kxg2 Qxd4 14. Rad1 Rfd8 15. Rfe1 Qd3 16. Nd5 Qxe2 17. Nxe7+ Kf8 18. Rxe2 Kxe7 19. d4 cxd4 20. Bxd4 Rd7 21.
Red2 Rad8 22. Bxf6+ gxf6 23. Rxd7+ Rxd7 24. Rxd7+ Kxd7 25. g4 Kd6 26. Kf3 Kc5 27. Ke3 Kb4 28. Kd4 a5 29. f3 Ka3 30. Kc3 f5 31. gxf5 exf5 32. f4 h5 33. h4 f6 34. Kd2 Kxa2 35. Kc2 Ka3 36. Kc3 a4 37. b4 Ka2 38. c5 bxc5 39.
bxc5 a3 40. Kc2 1-0

[Event "Late-Titled-Tuesday-Blitz-January-30-2024"]
[Site "Chess.com"]
[Date "2024.01.30"]
[Round "1"]
[White "Vasily85"]
[Black "GMRafpig"]
[Result "0-1"]
[WhiteElo "2419"]
[BlackElo "2742"]
[TimeControl "180+1"]
[EndTime "14:07:31 PST"]
[Termination "GMRafpig won on time"]

1. Nf3 Nf6 2. c4 e6 3. g3 d5 4.
Bg2 dxc4 5. Qa4+ c6 6. Qxc4 b5 7. Qc2 Bb7 8. O-O Nbd7 9. d4 c5 10. Rd1 Rc8 11. Qb3 a6 12. Nc3 b4 13. dxc5 Bxc5 14.
Na4 Be7 15. Be3 Bd5 16. Qd3 Qa5 17. b3 O-O 18. Rac1 Rfd8 19. Nd4 Bxg2 20. Kxg2 Ne5 21. Qb1 Nd5 22. Bd2 Nf6 23. Nf3 Rxc1 24. Qxc1 Qd5 25. Nb6 Qb7 26. Nc4 Nxf3 27. exf3 Nd5 28. Be3 Rc8 29. Bd4 Bc5 30. Qd2 Bxd4 31. Qxd4 Qc7 32.
Rd2 h6 33. Qe4 Nf6 34. Qe5 Nd5 35. Qxc7 Rxc7 36. f4 Kf8 37. Kf3 Ke7 38. Ke4 Nc3+ 39. Ke3 Nd5+ 40. Ke4 Rd7 41. Kf3 Nc3 0-1

[Event "Late-Titled-Tuesday-Blitz-January-30-2024"]
[Site "Chess.com"]
[Date "2024.01.30"]
[Round "1"]
[White "Hananmo"]
[Black "Sebastian"]
[Result "0-1"]
[WhiteElo "2514"]
[BlackElo "2946"]
[TimeControl "180+1"]
[EndTime "14:07:32 PST"]
[Termination "Sebastian won by resignation"]

1. Nf3 c5 2. c4 Nf6 3. g3 g6 4.
Bg2 Bg7 5. O-O Nc6 6. Nc3 O-O 7. d4 cxd4 8. Nxd4 d6 9. Nc2 Be6 10. b3 Qd7 11. Bb2 Bh3 12. e4 Bxg2 13. Kxg2 e6 14. Qe2 Rfd8 15. Rad1 a6 16. h3 Rab8 17. Ne3 b6 18. f4 Qb7 19. Qf3 b5 20. cxb5 axb5 21. Ne2 Ne7 22. e5 Nfd5 23. Nxd5 Nxd5 24. Kh2 Rbc8 25.
Rc1 h5 26. Nc3 dxe5 27. Nxd5 Rxd5 28. Rxc8+ Qxc8 29. fxe5 Qd7 30. Rf2 Bxe5 31. Bxe5 Rxe5 32. a4 bxa4 33. bxa4 Ra5 34. Qf6 Rxa4 35. Rb2 Ra8 36. h4 Qc7 37. Kh3 Ra3 38. Qg5 Rf3 39. Rd2 Kg7 40. Rg2 Qc3 41. Qb5 Qa1 42. Kh2 Rf1 43.
Qb2+ Qxb2 44. Rxb2 f5 45. Re2 Kf6 46. Kg2 Ra1 47. Ra2 Rxa2+ 0-1

[Event "Late-Titled-Tuesday-Blitz-January-30-2024"]
[Site "Chess.com"]
[Date "2024.01.30"]
[Round "1"]
[White "blitis"]
[Black "ARTHURMOTIVATOR"]
[Result "1-0"]
[WhiteElo "2610"]
[BlackElo "2257"]
[TimeControl "180+1"]
[EndTime "14:07:32 PST"]
[Termination "blitis won on time"]

1. e4 e5 2. Nc3 Nf6 3. g3 Bc5 4. Bg2 a6 5. Nge2 Nc6 6. O-O h5 7. h3 d6 8. d3 h4 9. g4 Nxg4 10. hxg4 Bxg4 11. Kh2 Qd7 12. Be3 Nd4 13. Bxd4 Bxd4 14.
f3 h3 15. Bh1 Be6 16. Nxd4 exd4 17. Ne2 c5 18. c3 dxc3 19. Nxc3 O-O-O 20. d4 Qc7 21. f4 f5 22. d5 Bd7 23. e5 dxe5 24.
d6 Qb6 25. fxe5 Qxb2+ 26. Qe2 Qxc3 27. Rfc1 Qd4 28. Rab1 Qf4+ 29. Kg1 Qg3+ 30. Kf1 Bb5 31. Rxb5 axb5 32. Rxc5+ Kb8 33. Rc7 Qf4+ 34. Ke1 Qb4+ 35. Qd2 Qb1+ 36. Qd1 Qb4+ 37. Kf1 Qf4+ 38. Qf3 1-0

[Event "Late-Titled-Tuesday-Blitz-January-30-2024"]
[Site "Chess.com"]
[Date "2024.01.30"]
[Round "1"]
[White "NathanHoover"]
[Black "jmpion"]
[Result "1-0"]
[WhiteElo "1911"]
[BlackElo "2528"]
[TimeControl "180+1"]
[EndTime "14:07:33 PST"]
[Termination "NathanHoover won on time"]

1. e4 e5 2. Nf3 Nc6 3. Bb5 a6 4. Ba4 Nf6 5. O-O Be7 6. Re1 b5 7. Bb3 O-O 8. c3 d6 9. h3 Na5 10. Bc2 c5 11. d4 Qc7 12. Nbd2 cxd4 13. cxd4 Nc6 14. Nb3 Nb4 15. Bb1 Bb7 16. a3 Nc6 17. d5 Na5 18. Nxa5 Qxa5 19. b4 Qc7 20. Be3 Rfc8 21.
Bd3 Qc3 22. Qe2 Bd8 23. Rec1 Qb3 24. Rcb1 Qa4 25. Ne1 Rc3 26. Bc2 Rxc2 27. Nxc2 Nxe4 28. Qd3 Nf6 29. f3 Bxd5 30. Ne1 Be7 31. Bg5 Bc4 32.
Qd2 Rd8 33. Nd3 h6 34. Be3 Bxd3 35. Qxd3 d5 36. Rc1 d4 37. Bd2 Nd5 38. Qe4 Bf6 39. Qd3 Ne7 40. Rc5 Nd5 41. Rcc1 Nb6 42. Rc5 Nc4 43.
Be1 Nb2 44. Qd2 Nc4 45. Qd3 Ne3 46. Bf2 1-0

[Event "Late-Titled-Tuesday-Blitz-January-30-2024"]
[Site "Chess.com"]
[Date "2024.01.30"]
[Round "1"]
[White "Siemba"]
[Black "HansOnTwitch"]
[Result "0-1"]
[WhiteElo "2541"]
[BlackElo "3210"]
[TimeControl "180+1"]
[EndTime "14:07:34 PST"]
[Termination "HansOnTwitch won on time"]

1. e4 c6 2. d4 d5 3. Nc3 dxe4 4. Nxe4 Nf6 5. Nxf6+ exf6 6. c3 Bd6 7. Bd3 O-O 8.
Qc2 Re8+ 9. Ne2 h6 10. O-O Nd7 11. Ng3 Nf8 12. Bd2 Be6 13. Rae1 Bc7 14. Ne4 b6 15. f4 f5 16. Nf2 Qd7 17. Kh1 Rad8 18. Be3 Ng6 19. Nh3 Ne7 20. Ng1 Nd5 21. Bc1 c5 22. dxc5 Nxc3 23. Bxf5 Nxa2 24. Bxe6 Rxe6 25. Rd1 Qc8 26.
cxb6 Bxb6 27. Qa4 Rxd1 28. Qxd1 Nxc1 29. Qxc1 Rc6 30. Qe1 Rc2 31. Qe5 Kh8 32. Nf3 f6 33. Qd5 Qc4 34. Qd1 Rxb2 35. Nh4 Qe2 36. Qc1 Rc2 37.
Qb1 Bf2 38. Ng6+ Kh7 39. f5 Bb6 40. Nf4 Qe4 41. Qb3 Qxf4 0-1

[Event "Late-Titled-Tuesday-Blitz-January-30-2024"]
[Site "Chess.com"]
[Date "2024.01.30"]
[Round "1"]
[White "GoltsevDmitry2000"]
[Black "MFatigue"]
[Result "1-0"]
[WhiteElo "2819"]
[BlackElo "2471"]
[TimeControl "180+1"]
[EndTime "14:07:34 PST"]
[Termination "GoltsevDmitry2000 won by checkmate"]

1. e4 e6 2. d4 d5 3. exd5 exd5 4.
Nf3 Nf6 5. c4 Bb4+ 6. Nc3 O-O 7.
Be2 Nc6 8. O-O Bg4 9. Bg5 dxc4 10. Bxc4 Be7 11. Re1 Re8 12. h3 Bxf3 13. Qxf3 Qxd4 14. Bb3 Qc5 15. Bh4 Rad8 16. Ne4 Ne5 17. Qf5 Nxe4 18.
Rxe4 Bxh4 19. Rxh4 g6 20. Bxf7+ Kg7 21. Rxh7+ Kxh7 22.
Bxg6+ Kg7 23. Bxe8 Rxe8 24. Rd1 Qf8 25. Qg5+ Ng6 26. g3 Qf6 27. Qb5 Rf8 28. Rd2 b6 29. h4 Rf7 30. Re2 c5 31. Qa4 Nf8 32. Qe4 Qg6 33.
Qd5 Qf6 34. h5 Qf3 35. Qe5+ Qf6 36. Qe3 Nh7 37. Qd2 Qg5 38. Qc3+ Qf6 39. Qd3 Qf5 40. Qc3+ Qf6 41. Qe1 Qf5 42. Re5 Qf3 43. Re6 Qf5 44.
h6+ Kf8 45. Re8# 1-0

[Event "Late-Titled-Tuesday-Blitz-January-30-2024"]
[Site "Chess.com"]
[Date "2024.01.30"]
[Round "1"]
[White "biostatistician"]
[Black "protectiago"]
[Result "1-0"]
[WhiteElo "2562"]
[BlackElo "2060"]
[TimeControl "180+1"]
[EndTime "14:07:34 PST"]
[Termination "biostatistician won by checkmate"]

1. d4 Nf6 2. Nf3 e6 3. c4 d5 4.
Nc3 Be7 5. Bg5 Nbd7 6. e3 O-O 7. Rc1 dxc4 8. Bxc4 c5 9. O-O cxd4 10. exd4 h6 11. Be3 Nb6 12. Bd3 Nbd5 13. Qd2 Nxe3 14. fxe3 Bd7 15. e4 Bc6 16. e5 Nd5 17. Ne4 Bb4 18. Qf2 Nf4 19. Bb1 Bb5 20. Nf6+ Kh8 21. Qh4 Ne2+ 22. Kh1 Nxc1 23. Rxc1 Rc8 24. Rg1 Bc6 25.
Ng5 Be7 26. Nxf7+ Rxf7 27. Qh5 Be8 28. Nxe8 Qxe8 29. Bg6 Qf8 30. Bxf7 Rc7 31. Bg6 Bg5 32. Bb1 Rc1 33. Qg6 Qg8 34. Rxc1 Bxc1 35. b3 Ba3 36. h3 Bb2 37. Qe4 Qf8 38. Kg1 Qb4 39.
Qh7# 1-0

[Event "Late-Titled-Tuesday-Blitz-January-30-2024"]
[Site "Chess.com"]
[Date "2024.01.30"]
[Round "1"]
[White "ElephantChessGenius"]
[Black "nindjaxx8"]
[Result "1/2-1/2"]
[WhiteElo "2259"]
[BlackElo "2598"]
[TimeControl "180+1"]
[EndTime "14:07:35 PST"]
[Termination "Game drawn by repetition"]

1. e4 e6 2. d3 d5 3. Nd2 Nf6 4. Ngf3 Nc6 5. g3 dxe4 6. dxe4 e5 7. Bg2 Bc5 8. O-O O-O 9. c3 a5 10. a4 Qe7 11. Qc2 Be6 12. Rd1 Rfd8 13. Nb3 Rxd1+ 14. Qxd1 Bxb3 15. Qxb3 Ng4 16. Bg5 Qe8 17. Rf1 b6 18. h3 Nxf2 19. Rxf2 h6 20. Bd2 Rd8 21. Kf1 Bxf2 22. Kxf2 Qe7 23. Be3 Nb8 24. Nd2 Nd7 25. Nc4 Nc5 26. Bxc5 Qxc5+ 27. Ke2 Qg1 28. Ne3 Qh2 29. Qc4 c5 30. Qb5 Rd6 31. Qe8+ Kh7 32. Qxf7 Rf6 33. Qd7 Qxg3 34. Qg4 Rf2+ 35. Kd3 Rxg2 36.
Qf5+ Kg8 37. Qc8+ Kf7 38. Qd7+ Kf8 39. Qd8+ Kf7 40. Qd7+ Kg8 41. Qe6+ Kh8 42. Qc8+ Kh7 43. Qf5+ Kg8 44. Qc8+ Kf7 45. Qd7+ 1/2-1/2

[Event "Late-Titled-Tuesday-Blitz-January-30-2024"]
[Site "Chess.com"]
[Date "2024.01.30"]
[Round "1"]
[White "Schattman"]
[Black "Mops_2004"]
[Result "0-1"]
[WhiteElo "2454"]
[BlackElo "2774"]
[TimeControl "180+1"]
[EndTime "14:07:37 PST"]
[Termination "Mops_2004 won on time"]

1. Nf3 g6 2. e4 Bg7 3. d4 d6 4. Bd3 Nc6 5. c3 e5 6. O-O Nf6 7. dxe5 Nxe5 8. Nxe5 dxe5 9. h3 O-O 10. Be3 Be6 11.
Qe2 Qe7 12. b4 Nd7 13. Bc4 f5 14. exf5 gxf5 15. Na3 Kh8 16. Bxe6 Qxe6 17. Qc4 Qxc4 18. Nxc4 f4 19. Bc1 e4 20. Bb2 b5 21. Na3 a6 22.
Rfe1 Rfe8 23. Rad1 Nb6 24. Ba1 Rad8 25. Kf1 Rxd1 26. Rxd1 Na4 27. c4 Bxa1 28. Rxa1 e3 29. cxb5 e2+ 30. Ke1 Nb2 31. bxa6 Nd3+ 32. Kd2 e1=Q+ 33.
Rxe1 Nxe1 34. b5 Nxg2 35. Nc4 Nh4 36. Ne5 Rxe5 37. a7 Re8 38. a4 Ra8 39. b6 cxb6 40. a5 bxa5 0-1

[Event "Late-Titled-Tuesday-Blitz-January-30-2024"]
[Site "Chess.com"]
[Date "2024.01.30"]
[Round "1"]
[White "ogpin"]
[Black "zverr1"]
[Result "0-1"]
[WhiteElo "2227"]
[BlackElo "2602"]
[TimeControl "180+1"]
[EndTime "14:07:37 PST"]
[Termination "zverr1 won by checkmate"]

1. e4 c5 2. Nf3 g6 3. d4 cxd4 4. Qxd4 Nf6 5. Nc3 Nc6 6. Qa4 d6 7. e5 dxe5 8. Nxe5 Bd7 9. Nxd7 Nxd7 10. Bb5 Bg7 11. O-O O-O 12. Bxc6 Nb6 13. Qe4 bxc6 14. Qxc6 Rc8 15. Qe4 e6 16. Rd1 Qe7 17. Bd2 Nc4 18. Rac1 Nxb2 19. Nd5 Qc5 20. Bb4 exd5 21. Rxd5 Qc4 22.
Qxc4 Rxc4 23. Bxf8 Bxf8 24. g3 Kg7 25. Rb5 Na4 26. Ra5 Bc5 27. Rb1 Bb6 28. Ra6 Nc3 29.
Rb3 Ne4 30. Rbxb6 axb6 31. f3 Nd2 32. Rxb6 Rxc2 33. Ra6 Nxf3+ 34. Kf1 Nxh2+ 35. Kg1 Nf3+ 36. Kf1 h5 37. a4 Ra2 38. a5 g5 39. Ra8 h4 40. gxh4 g4 41. a6 g3 42. h5 Rf2# 0-1

[Event "Late-Titled-Tuesday-Blitz-January-30-2024"]
[Site "Chess.com"]
[Date "2024.01.30"]
[Round "1"]
[White "PawnEatingZombie"]
[Black "Lady_Nika"]
[Result "0-1"]
[WhiteElo "2148"]
[BlackElo "2585"]
[TimeControl "180+1"]
[EndTime "14:07:37 PST"]
[Termination "Lady_Nika won by resignation"]

1. e4 e6 2. d4 d5 3. exd5 exd5 4. Bf4 Nf6 5. Nc3 c6 6. Qd2 Bd6 7. O-O-O O-O 8. f3 b5 9. g4 a5 10. Bxd6 Qxd6 11. Nh3 a4 12. Qf4 Qb4 13. a3 Qa5 14.
Na2 Na6 15. Qd2 Qb6 16. Nf4 Ne8 17. Nb4 Nd6 18. Nxa6 Bxa6 19. Qb4 Qc7 20. Nd3 Nc4 21. Nc5 Qf4+ 22. Kb1 Qxf3 23. Bxc4 bxc4 24. Nxa6 Rxa6 25. Qb7 Raa8 26. Qxc6 Rab8 27. Ka2 Rfc8 28. Qxa4 Qxg4 29. Rhg1 Qh4 30. Qd7 c3 31. b3 Qxh2 32. Qf5 Qd6 33. Rd3 Rc7 34. a4 g6 35. Qe5 Qc6 36. Rgg3 Ra8 37. Rxc3 Qxc3 38. Rxc3 Rxc3 39. Kb2 Rac8 40. Qxd5 Rxc2+ 41. Ka3 h5 42. a5 h4 43. a6 Rc1 44.
Kb2 R1c7 45. a7 Rxa7 46. Qg5 h3 47. Qg4 Rd8 48. Qxh3 Rxd4 49. Qc8+ Kg7 50. Qc3 Rd7 51. b4 Kf8 52. b5 Rd2+ 53. Kb1 Rd1+ 54. Kb2 R7d2+ 55.
Kb3 Rd3 56. b6 Rxc3+ 57. Kxc3 Rb1 0-1

[Event "Late-Titled-Tuesday-Blitz-January-30-2024"]
[Site "Chess.com"]
[Date "2024.01.30"]
[Round "1"]
[White "StellarChess"]
[Black "Bala-Afiada"]
[Result "1-0"]
[WhiteElo "2559"]
[BlackElo "2021"]
[TimeControl "180+1"]
[EndTime "14:07:37 PST"]
[Termination "StellarChess won by checkmate"]

1. d4 Nf6 2. Bg5 e6 3. e4 Be7 4. Nd2 h6 5. Bxf6 Bxf6 6. c3 d6 7. f4 O-O 8. Ngf3 c5 9. dxc5 dxc5 10. e5 Be7 11. Ne4 Nc6 12. Qxd8 Rxd8 13. Bb5 Bd7 14. O-O-O a6 15. Bd3 b5 16. Bc2 b4 17. g4 bxc3 18.
bxc3 c4 19. h4 Rab8 20. Nd6 f6 21. g5 fxe5 22. fxe5 Be8 23. gxh6 Nxe5 24. Nxe5 Bxd6 25. Rxd6 Rxd6 26. Rg1 Rb7 27. h7+ Kh8 28. Rf1 g6 29.
Rf8+ Kxh7 30. Rxe8 Kg7 31. Nxg6 Rb5 32. Re7+ Kf6 33.
Re8 Rh5 34. Rf8+ Kg7 35. Rf4 e5 36. Rxc4 Rf6 37. Rc7+ Kh6 38. a4 Rxg6 39. Bxg6 Kxg6 40. Rc6+ Kf5 41. Rxa6 Rxh4 42. Kc2 Ke4 43. Rd6 Rh3 44. a5 Rh7 45. Kb3 Ra7 46. Kb4 Kf3 47. Kb5 e4 48. Kb6 Ra8 49. c4 e3 50. Re6 Kf2 51. c5 e2 52. c6 e1=Q 53. Rxe1 Kxe1 54. c7 Rh8 55. Kb7 Kd2 56. c8=Q Rh7+ 57. Kb6 Rh6+ 58. Kb5 Rh5+ 59. Kb4 Rh4+ 60. Kb3 Rh7 61. Qd8+ Ke1 62. Qe8+ Kd1 63.
a6 Kc1 64. Qe1# 1-0

[Event "Late-Titled-Tuesday-Blitz-January-30-2024"]
[Site "Chess.com"]
[Date "2024.01.30"]
[Round "1"]
[White "rhungaski"]
[Black "platy3"]
[Result "1-0"]
[WhiteElo "2512"]
[BlackElo "2855"]
[TimeControl "180+1"]
[EndTime "14:07:39 PST"]
[Termination "rhungaski won on time"]

1. e4 c5 2. Nf3 e6 3. d4 cxd4 4. Nxd4 Nc6 5. Nb5 d6 6. c4 Nf6 7. N1c3 a6 8. Na3 Be7 9. Be2 O-O 10. Bf4 b6 11. O-O Bb7 12. Re1 Ne5 13. Bf1 Rc8 14.
h3 Qc7 15. Qd2 Qb8 16. Qe3 Bd8 17. Kh1 Bc7 18. Rac1 Rfe8 19. Bg3 h6 20. b4 Qa8 21. Bxe5 dxe5 22. c5 bxc5 23. bxc5 Qa7 24. Nc4 Nd7 25.
Na4 Bc6 26. Nab6 Rcd8 27. a4 a5 28. Red1 Nf6 29. f3 Nh5 30. Kh2 f5 31. exf5 e4+ 32.
Nd6 exf5 33. f4 Kh7 34. g4 fxg4 35. hxg4 Nf6 36. Bh3 Bxd6 37. Rxd6 Qc7 38. Rcd1 Rxd6 39. Rxd6 Rd8 40. Qd4 Rxd6 41. cxd6 Qd8 42. g5 hxg5 43. fxg5 Nh5 44. Qe5 e3 45. Bf5+ Kh8 46. d7 1-0

[Event "Late-Titled-Tuesday-Blitz-January-30-2024"]
[Site "Chess.com"]
[Date "2024.01.30"]
[Round "1"]
[White "Anar_Aliakbarov"]
[Black "Matalon"]
[Result "1-0"]
[WhiteElo "2651"]
[BlackElo "2335"]
[TimeControl "180+1"]
[EndTime "14:07:39 PST"]
[Termination "Anar_Aliakbarov won on time"]

1. d4 Nf6 2. c4 g6 3. Nc3 Bg7 4. e4 d6 5. Nf3 O-O 6. Be2 Bg4 7.
Be3 Nfd7 8. Ng1 Bxe2 9. Ngxe2 e5 10. d5 f5 11. f3 Bh6 12. Bf2 Nf6 13. Qc2 Kh8 14.
exf5 gxf5 15. O-O Nh5 16. Ng3 Qg5 17. Nxh5 Qxh5 18. Rae1 Nd7 19. Nb5 Rg8 20. Be3 Bxe3+ 21. Rxe3 Rgc8 22. f4 a6 23. Nc3 e4 24. Ne2 Rg8 25.
Qc3+ Rg7 26. Nd4 Nf8 27. Rg3 Rxg3 28. hxg3 Kg8 29. Kf2 Re8 30. Rh1 Qg6 31. Nc2 Nd7 32. b4 Nf6 33. Ne3 Ng4+ 34. Nxg4 Qxg4 35. Rh4 Qg6 36. Qe3 Qf6 37. Rh5 Qb2+ 38. Kg1 Qxb4 39. Rg5+ Kh8 40. Qd4+ Re5 41. fxe5 Qe1+ 42. Kh2 h6 43.
e6+ 1-0

[Event "Late-Titled-Tuesday-Blitz-January-30-2024"]
[Site "Chess.com"]
[Date "2024.01.30"]
[Round "1"]
[White "Dedic8"]
[Black "KamlaPasand"]
[Result "0-1"]
[WhiteElo "2811"]
[BlackElo "2489"]
[TimeControl "180+1"]
[EndTime "14:07:40 PST"]
[Termination "KamlaPasand won by resignation"]

1. d4 d6 2. e4 Nf6 3. Nc3 g6 4.
f4 Bg7 5. Nf3 O-O 6. Bd3 c5 7. d5 e6 8. O-O exd5 9. exd5 Nbd7 10. a4 Nb6 11. Be2 Bf5 12. a5 Nbd7 13. Nh4 Ne4 14.
Nxf5 Nxc3 15. bxc3 gxf5 16. Ra3 Nf6 17. Bd3 Qd7 18.
c4 Rae8 19. Bb2 Ng4 20. Bxg7 Kxg7 21. h3 Ne3 22. Qa1+ f6 23. Rf3 Rg8 24. Qc1 Qe7 25. Kf2 Nxc2 26. Bxc2 Qe2+ 27. Kg1 Qxc4 28. Qd1 Kf7 29.
Rg3 Rxg3 30. Rxg3 Qxf4 31. Qh5+ Kf8 32. Rg8+ Kxg8 33. Qxe8+ Kg7 34. Qe2 Qd4+ 35. Qf2 Qxd5 36. Bxf5 Qe5 37. h4 b5 38. Qf3 Kh6 39. g3 b4 40. Kg2 b3 41. Kh3 b2 42. Bc2 d5 43.
Qd3 f5 44. Qxf5 Qxf5+ 45. Bxf5 d4 46. Kg4 c4 47. Bb1 d3 48. Kf3 d2 49. Ke2 c3 50. g4 Kg7 51. g5 h6 52. g6 h5 53.
Kd1 a6 54. Bd3 Kf6 55. Kc2 b1=Q+ 56. Kxb1 d1=Q+ 0-1

[Event "Late-Titled-Tuesday-Blitz-January-30-2024"]
[Site "Chess.com"]
[Date "2024.01.30"]
[Round "1"]
[White "HamedWafa4"]
[Black "iamanoush"]
[Result "1/2-1/2"]
[WhiteElo "2807"]
[BlackElo "2477"]
[TimeControl "180+1"]
[EndTime "14:07:40 PST"]
[Termination "Game drawn by stalemate"]

1. e4 c6 2. d4 d5 3. e5 Bf5 4. h4 a6 5. h5 h6 6. g4 Bd7 7. f4 c5 8. c3 cxd4 9. cxd4 Nc6 10. Nc3 e6 11. Nf3 Qb6 12. Be2 Qa7 13.
O-O b5 14. Be3 Bb4 15. Rc1 Nge7 16. Bd3 g6 17. hxg6 fxg6 18. Nh4 Rg8 19. Bb1 Ba5 20. Kh2 Bb6 21. Ne2 g5 22. fxg5 hxg5 23. Nf3 O-O-O 24.
a4 Kb8 25. axb5 axb5 26. Bd3 Nb4 27. Kg3 Nec6 28. Bxb5 Rg7 29. Qb3 Rc8 30. Ra1 Qc7 31. Rfc1 Rf8 32. Qa4 Qb7 33. Rc3 Rgf7 34. Nxg5 Rg7 35.
Rac1 Rfg8 36. Bxc6 Nxc6 37. Rxc6 Bxc6 38. Rxc6 Rxg5 39.
Bxg5 Rxg5 40. Qb5 Ka7 41. Rd6 Rg7 42. Nc3 Rc7 43. Qa4+ Kb8 44. Qe8+ Rc8 45. Qxe6 Bxd4 46. Qxd5 Qb3 47. Qxb3+ Kc7 48. Qc4+ Kb8 49. Qb5+ Ka8 50. Ra6+ Ba7 51. Qb6 Rc7 52. Qxc7 1/2-1/2

[Event "Late-Titled-Tuesday-Blitz-January-30-2024"]
[Site "Chess.com"]
[Date "2024.01.30"]
[Round "1"]
[White "BardArtem"]
[Black "Slovineanu"]
[Result "1-0"]
[WhiteElo "2797"]
[BlackElo "2461"]
[TimeControl "180+1"]
[EndTime "14:07:41 PST"]
[Termination "BardArtem won on time"]

1. e4 c6 2. Nf3 d5 3. exd5 cxd5 4. Ne5 Nc6 5. d4 Nf6 6. c3 a6 7. Nd2 Bf5 8. Ndf3 e6 9. Nxc6 bxc6 10. Ne5 Qc7 11.
Qa4 Rc8 12. Qxa6 Bd6 13. Nxc6 O-O 14. Na7 Ra8 15. Nb5 Rxa6 16. Nxc7 Ra5 17. Nb5 Bb8 18.
Bd2 e5 19. f3 Re8 20. Kf2 e4 21. a4 exf3 22. gxf3 Bc2 23. c4 Rxa4 24. Rxa4 Bxa4 25. Nc3 Bb3 26. c5 Bc7 27. Bb5 Ra8 28. Bg5 Ba5 29. Ra1 Kf8 30. Bxf6 gxf6 31. Bc6 Ra7 32. Bxd5 Bxc3 33.
Rxa7 Bxd4+ 34. Kg2 Bxd5 35. Rd7 Bxf3+ 36. Kxf3 Bxb2 37.
c6 Ke8 38. Rb7 Be5 39. h4 f5 40. Rb5 f6 41. Rb7 h5 42. Rh7 Kd8 43. Rxh5 Kc7 44. Rxf5 Kxc6 45. h5 Kd6 46. h6 Ke6 47. Rxe5+ 1-0

[Event "Late-Titled-Tuesday-Blitz-January-30-2024"]
[Site "Chess.com"]
[Date "2024.01.30"]
[Round "1"]
[White "ansko1999"]
[Black "ilushka"]
[Result "1-0"]
[WhiteElo "2670"]
[BlackElo "2371"]
[TimeControl "180+1"]
[EndTime "14:07:41 PST"]
[Termination "ansko1999 won on time"]

1. d4 e6 2. e4 d5 3. e5 c5 4. c3 Nc6 5. Nf3 Nh6 6. Bxh6 gxh6 7. Bb5 Qb6 8. Qe2 Bd7 9. dxc5 Bxc5 10. O-O a6 11. Ba4 O-O-O 12. b4 Be7 13. Nbd2 Kb8 14. Rab1 Rhg8 15. b5 axb5 16. Rxb5 Qa6 17. Rfb1 Qxa4 18.
Rxb7+ Kc8 19. Nd4 Bc5 20. N2b3 Bxd4 21. cxd4 Qc4 22. Qd2 Kxb7 23. Na5+ Kc7 24. Nxc4 dxc4 25. d5 exd5 26. Qe3 Rb8 27. Rd1 Be6 28. Qc5 Rgd8 29.
f4 d4 30. f5 Bd5 31. Rxd4 Rb1+ 32. Kf2 Rb2+ 33. Ke3 Rxg2 34. Rxd5 Rxd5 35. Qxd5 Rxh2 36. Qxf7+ Kb6 37. Qxc4 Rh3+ 38. Kf2 Rf3+ 39. Kg2 Ra3 40. e6 Ra5 41. Qf4 1-0

[Event "Late-Titled-Tuesday-Blitz-January-30-2024"]
[Site "Chess.com"]
[Date "2024.01.30"]
[Round "1"]
[White "IngOscarArdila"]
[Black "NoHeThTo"]
[Result "0-1"]
[WhiteElo "2344"]
[BlackElo "2644"]
[TimeControl "180+1"]
[EndTime "14:07:43 PST"]
[Termination "NoHeThTo won by resignation"]

1. d4 Nf6 2. c4 g6 3. Nc3 Bg7 4. Nf3 d6 5. e3 O-O 6. Be2 Nbd7 7.
O-O b6 8. Qc2 Bb7 9. Rd1 e6 10.
b3 Qe7 11. Bb2 a6 12. Rac1 Rfe8 13. a3 e5 14. dxe5 Nxe5 15. Nxe5 dxe5 16. Nd5 Nxd5 17.
cxd5 Rac8 18. e4 Red8 19. b4 c6 20. dxc6 Rxd1+ 21. Qxd1 Rxc6 22. Rxc6 Bxc6 23. f3 b5 24. Qc2 Qd6 25. Qd3 Qc7 26. Kf1 Bf8 27. Qd2 Be7 28. Qc3 f6 29. Qb3+ Kf8 30. Qe6 Bd7 31. Qd5 Bc6 32. Qe6 Qd7 33. Qxd7 Bxd7 34. Ke1 Bd6 35. Kd2 Ke7 36. Bc3 Be6 37. Kc2 Kd7 38.
Bd3 Kc6 39. Kd2 Bc7 40. Ke2 Bb6 41. Kd2 h5 42. Ke2 h4 43. h3 Kd6 44. Kd2 Ke7 45. Ke2 Kf7 46. Kd2 Kg7 47. Ke2 Kh6 48. Bd2+ Kh5 49.
Kd1 Bb3+ 50. Bc2 Bc4 51. Ke1 Bd4 52. Bc1 Bg1 53. Bd1 g5 54. Be2 Be6 55. Kd2 Kg6 56.
Bb2 Bh2 57. Bc3 Bf4+ 58. Kc2 f5 59. Bd3 fxe4 60. Bxe4+ Kf6 61. Bb7 Bc4 62. Bxa6 Bf1 63. a4 Bxg2 64. Bxb5 Bxh3 65. Bc6 Bf5+ 66. Kd1 h3 67. b5 h2 68. b6 h1=Q+ 69. Ke2 Qg2+ 70. Kd1 Qc2+ 71. Ke1 Qxc3+ 0-1

[Event "Late-Titled-Tuesday-Blitz-January-30-2024"]
[Site "Chess.com"]
[Date "2024.01.30"]
[Round "1"]
[White "Arlo2024"]
[Black "KChor05"]
[Result "0-1"]
[WhiteElo "2262"]
[BlackElo "2614"]
[TimeControl "180+1"]
[EndTime "14:07:43 PST"]
[Termination "KChor05 won on time"]

1. e4 c5 2. Nc3 Nc6 3. g3 g6 4. Bg2 Bg7 5. d3 Rb8 6. Be3 d6 7. Qd2 b5 8. Nge2 Nd4 9. Nd1 Bg4 10. Ng1 b4 11. h3 Bd7 12. Ne2 Nxe2 13. Qxe2 Nf6 14.
Qd2 O-O 15. Bh6 Bc6 16. Bxg7 Kxg7 17. Ne3 Qc7 18. O-O e6 19. f4 d5 20. e5 Nd7 21. c3 bxc3 22. bxc3 Qa5 23. Rf2 Rb3 24. Rc1 Ra3 25. Ng4 h5 26. Ne3 Rb8 27. g4 hxg4 28. Nxg4 Rh8 29. Kh2 Qa6 30. Qb2 Rb8 31. Qd2 Rh8 32. Qb2 Ra4 33. Qd2 d4 34. cxd4 Bxg2 35. Rxg2 Rxd4 36. Rg3 c4 37. Qc3 Rxf4 38. dxc4 Qxa2+ 39.
Rc2 Qb1 40. Rc1 Qf5 41. c5 Rxg4 42. Rxg4 Qxg4 43. c6 Nb6 44. c7 Rxh3+ 45. Qxh3 Qf4+ 46. Kg2 Qxc1 47. Qc3 Qxc3 48. c8=Q Qd2+ 0-1

[Event "Late-Titled-Tuesday-Blitz-January-30-2024"]
[Site "Chess.com"]
[Date "2024.01.30"]
[Round "1"]
[White "igorknyazev"]
[Black "GoldenShare"]
[Result "0-1"]
[WhiteElo "2119"]
[BlackElo "2572"]
[TimeControl "180+1"]
[EndTime "14:07:46 PST"]
[Termination "GoldenShare won by resignation"]

1. e4 c6 2. d4 d5 3. Nc3 dxe4 4.
Nxe4 Nf6 5. Nxf6+ exf6 6. Nf3 Bd6 7. Bc4 O-O 8. Be3 Bg4 9. h3 Bh5 10. g4 Bg6 11. Nh4 Nd7 12. Nxg6 hxg6 13. Bb3 b5 14.
Qd3 Nb6 15. Qxg6 Nc4 16. Bxc4 bxc4 17. Qh5 Qb6 18. g5 f5 19. g6 fxg6 20. Qxg6 Rf6 21. Qg2 Qxb2 22. O-O f4 23. Qxc6 Raf8 24. Qxc4+ Kh8 25.
Qb3 Qxb3 26. axb3 fxe3 27. fxe3 Rg6+ 28. Kh1 Rxf1+ 29. Rxf1 Rg3 30. e4 Rxh3+ 31. Kg2 Rg3+ 32. Kf2 Rc3 33. e5 Rxc2+ 34. Ke3 Bb4 35. e6 Kg8 36.
Rf7 a5 37. d5 Rd2 38. Ke4 Re2+ 39. Kd4 Rd2+ 40. Kc4 Rc2+ 41. Kd4 Rc3 42. Rb7 Rxb3 43. Rb8+ Kh7 44. Rxb4 Rxb4+ 45. Ke5 Kg8 46. Kd6 a4 47. Kd7 a3 48. e7 Rb7+ 49. Kd8 Rxe7 50. Kxe7 a2 51. d6 a1=Q 52. d7 Qd4 53. d8=N Qxd8+ 54. Kxd8 g5 55. Ke7 g4 56. Ke6 g3 0-1